 Dungeon Crawl Stone Soup version 0.23.2-1-ga50397a (webtiles) character file.

Game seed: 12762571451133821992

246 Borgoz the Slasher (level 5, -12/48 HPs)
             Began as a Minotaur Berserker on May 26, 2019.
             Was a Believer of Trog.
             Killed from afar by a wretched star (18 damage)
             ... with an orb of energy
             ... on level 1 of the Abyss.
             The game lasted 00:02:15 (1820 turns).

Borgoz the Slasher (Minotaur Berserker)             Turns: 1820, Time: 00:02:16

Health: -12/48     AC:  5    Str: 22    XL:     5   Next: 84%
Magic:  4/4        EV: 12    Int:  4    God:    Trog [**....]
Gold:   61         SH:  0    Dex: 10    Spells: 4/4 levels left

rFire    . . .     SeeInvis .   a - +0 falchion
rCold    . . .     Gourm    .   (no shield)
rNeg     . . .     Faith    .   g - +0 ring mail (curse)
rPois    .         Spirit   .   (helmet restricted)
rElec    .         Reflect  .   (no cloak)
rCorr    .         Harm     .   (no gloves)
MR       .....                  (no boots)
Stlth    ..........             (no amulet)
HPRegen  0.16/turn              (no ring)
MPRegen  0.09/turn              (no ring)

@: no status effects
A: retaliatory headbutt, horns 2, [subdued magic 2]
a: Berserk, Trog's Hand, Renounce Religion


You were on level 1 of the Abyss.
You worshipped Trog.
Trog was pleased with you.
You were not hungry.

You visited 1 branch of the dungeon, and saw 2 of its levels.
You visited the Abyss 1 time.

You collected 61 gold pieces.

Inventory:

Hand Weapons
 a - a +0 falchion (weapon)
Armour
 g - a cursed +0 ring mail (worn)
Scrolls
 d - a scroll of magic mapping {unknown}
 e - a scroll of remove curse {unknown}
 f - a scroll of enchant weapon {unknown}
 h - a scroll of identify {unknown}
 i - 2 scrolls of blinking {unknown}
Comestibles
 b - a chunk of flesh
 c - 4 rations


   Skills:
 + Level 5.0 Fighting
 + Level 5.0 Long Blades
 + Level 4.2 Armour
 + Level 3.8 Dodging


You had 4 spell levels left.
You didn't know any spells.
Your spell library was empty.

Dungeon Overview and Level Annotations

Branches:
Dungeon (2/15)

Altars:
Ashenzari

Annotations:
D:2 Crazy Yiuf


Innate Abilities, Weirdness & Mutations

You reflexively headbutt those who attack you in melee.
You have a pair of horns on your head.
[Your spells are easier to cast, but less powerful.]


Message History

Ouch! That really hurt!
The orb of energy explodes!
You barely miss the wretched star.
The wretched star glows turbulently.
The orb of energy hits you!
* * * LOW HITPOINT WARNING * * *
The orb of energy explodes!
You hit the wretched star but do no damage.
You closely miss the wretched star. Your headbutt misses the wretched star.
The wretched star glows turbulently.
The orb of energy misses you.
The orb of energy explodes!
You hit the wretched star but do no damage.
The wretched star pulses with an eldritch light!
Your connection to magic feels subdued.
Your connection to magic feels more subdued.
You slash the wretched star!
The wretched star is lightly damaged.
The wretched star glows turbulently.
The orb of energy hits you!!
You die...

..## ..#.#.. ### #
...####..##..##.. .#
#...#.... #.....##....
##.#..##...#...##.....#
##......##.#.#.#..## ..
.........#........
####.
#......#.....#...#≈
..#. #..#...... ..≈≈...
#.@#.####....♣≈#..
#.*#.. .#.. ≈≈# . #...#
## #.#..≈### . ###.#.#
...#..≈ ... ##... ####
.♣♣.# . ##. .#≈ #


You could see a wretched star.

Vanquished Creatures
  Sigmund (D:2)
  Jessica (D:2)
  3 adders (D:2)
  A worm (D:2)
  3 dart slugs
  3 leopard geckos
  3 giant cockroaches (D:1)
  3 goblins
  3 hobgoblins
  4 jackals (D:1)
  3 kobolds (D:1)
  A quokka (D:2)
  3 bats
  5 rats
37 creatures vanquished.

Notes
Turn   | Place    | Note
-------+----------+-------------------------------------------
     0 | D:1      | Borgoz the Minotaur Berserker began the quest for the Orb.
     0 | D:1      | Reached XP level 1. HP: 19/19 MP: 0/0
   127 | D:1      | Reached XP level 2. HP: 9/27 MP: 1/1
   931 | D:2      | Reached XP level 3. HP: 33/33 MP: 2/2
  1014 | D:2      | Reached ** piety under Trog
  1041 | D:2      | Noticed Sigmund
  1051 | D:2      | Killed Sigmund
  1051 | D:2      | Reached XP level 4. HP: 23/41 MP: 3/3
  1051 | D:2      | Reached XP level 5. HP: 27/47 MP: 4/4
  1405 | D:2      | Found a runed translucent door.
  1406 | D:2      | Noticed Crazy Yiuf
  1518 | D:2      | Noticed Jessica
  1524 | D:2      | Reached skill level 5 in Long Blades
  1530 | D:2      | Killed Jessica
  1530 | D:2      | Reached skill level 5 in Fighting
  1550 | D:2      | Found a shattered altar of Ashenzari.
  1787 | D:2      | Cast into level 1 of the Abyss (Crazy Yiuf)
  1814 | Abyss:1  | Noticed a wretched star
  1820 | Abyss:1  | Killed from afar by a wretched star

Skill      XL: |  1  2  3  4  5 |
---------------+----------------+-----
Fighting       | 4 5 |  5.0
Long Blades    | 4 5 |  5.0
Armour         | 3 4 |  4.2
Dodging        | 3 |  3.8

Action                   |  1- 3 |  4- 6 || total
-------------------------+-------+-------++-------
Melee: Falchion          |    42 |    29 ||    71
       Headbutt          |     7 |    11 ||    18
  Use: Potion            |     1 |       ||     1
  Eat: Chunk             |       |     3 ||     3
Armor: Animal skin       |     4 |     2 ||     6
Dodge: Dodged            |    32 |    17 ||    49
       Rpst.: Falchion   |     8 |     4 ||    12
